[Event "Israeli Team-ch 2023"]
[Site "Petah Tikva"]
[Date "2023.01.13"]
[Round "2.35"]
[White "Galburd, Yan"]
[Black "Kochavi, Ori"]
[Result "1-0"]
[ECO "B12"]
[WhiteElo "2430"]
[BlackElo "2396"]
[Annotator "TA"]
[PlyCount "131"]
[EventDate "2023.01.13"]
[EventCountry "ISR"]
[SourceTitle "playchess.com"]
[Source "ChessBase"]
[SourceQuality "1"]
[TimeControl "40/5400+30:1800+30"]

1. e4 c6 2. d4 d5 3. e5 Bf5 4. Nd2 e6 5. Nb3 Nd7 6. Nf3 Be4 {[%emt 0:00:03] 6...Qc7 is a critical line. B12: Caro-Kann: Advance Variation.} 7. Be2 c5 8. c3 {[%emt 0:02:21] [#]} c4 $146 (8... cxd4 $11 9. cxd4 (9. Nbxd4 Bc5 $11) 9... Ne7) ({Predecessor:} 8... cxd4 9. cxd4 Bb4+ 10. Bd2 Bxd2+ 11. Qxd2 Ne7 12. O-O h6 13. Ne1 Nc6 14. Bd3 Bxd3 15. Nxd3 {½-½ Fedorov,A (2532)-Petrosyan,M (2611) Cheliabinsk Panchenko Memorial op-A 2021 (7)}) 9. Nbd2 $14 {[%emt 0:00:56] Strongly threatening Nxe4.} Bg6 10. h4 h6 11. h5 Bh7 12. Nf1 b5 13. g4 b4 14. Bd2 Qa5 15. Ng3 (15. g5 $5 ) 15... bxc3 16. Bxc3 (16. bxc3 Ba3 17. g5 hxg5 18. Nxg5 Bb2 19. Nxh7 Bxa1 20. Qxa1 Rxh7 $17) 16... Bb4 17. Qd2 Bxc3 (17... Rb8 $5 ) 18. bxc3 (18. Qxc3 Qxc3+ 19. bxc3 Ne7 $15) 18... Rb8 19. O-O Ne7 20. Rfc1 (20. Nh4 $11) 20... Qa3 $15 21. Nh4 Rb2 22. Qe3 Rxa2 23. Rxa2 Qxa2 24. g5 hxg5 25. Qxg5 Qb2 26. Bd1 Nb6 27. Bc2 Bd3 28. Nf3 Kd7 (28... Bxc2 $17 29. Qd2 Nf5 30. Rxc2 (30. Nxf5 exf5 31. Rxc2 Qb1+ 32. Qc1 Qxc1+ 33. Rxc1 Na4 $17) 30... Qb1+ 31. Qc1 Qxc1+ 32. Rxc1 Nxg3 33. fxg3 Na4) 29. Kg2 Rb8 (29... Bxc2 {simplifies} 30. Qd2 Qa3 31. Rxc2 Nc6) 30. Ne1 Bxc2 (30... Qxc3 $2 31. Bxd3 Qa3 32. Bc2 $16) 31. Rxc2 Qb1 32. Rc1 (32. Kf1 $15 Rg8 33. Rc1) 32... Qh7 $1 $17 33. Ra1 Nc6 (33... Nbc8 $1 $17 34. Nf3 Rb3) 34. Qf4 $15 Rf8 35. Qc1 Kc7 36. Nf3 Qh6 ({Black should try} 36... Qg8 $15) 37. Ng5 $1 $14 {[%emt 0:00:44][%mdl 1024] White has compensation.} Qh8 $2 (37... Re8 $14) 38. Qa3 $18 Nc8 39. Qc5 Kb7 {[%emt 0:01:57] [#] Inhibits Ra6.} 40. h6 $2 gxh6 $11 41. Nh7 {[%emt 0:30:30][%mdl 64] Deflection} Rd8 42. Nf6 Qg7 43. Qa3 (43. Qb5+ {seems wilder.} Nb6 44. Ra2 h5 45. Qa6+) 43... Qg6 (43... Nb6 $15) 44. Rh1 (44. Qa6+ $11 Kc7 45. Ra5 Nxa5 46. Qxa5+ Nb6 47. Qxa7+ Kc6 48. Qe7) 44... Nb6 (44... N8e7 {with more complications.} 45. Ra1 h5 46. Qc5 Nc8) 45. Rh4 (45. Qb2 $15) 45... Qc2 $1 $19 46. Rxh6 Qb3 47. Qc1 (47. Qa1 $17) 47... a5 $1 {[%emt 0:00:00] White must now prevent ...a4.} 48. Rh7 a4 (48... Rf8 49. Qh6 Qa3 50. Qg7 $15) 49. Rxf7+ {[%emt 0:00:00] [#]} Kb8 (49... Ka6 $1 $19 {is more deadly. aiming for ...a3.} 50. Rc7 Kb5) 50. Nf5 $2 (50. Qh6 $17 a3 51. Rh7) 50... a3 {[%emt 0:00:00] Hoping for ...Qb2.} (50... exf5 $2 51. e6 Nc8 52. Qf4+ Ka8 53. Qc7 $19) 51. Nd6 a2 52. Rg7 (52. Rb7+ Ka8 53. Rh7 Na4 $19) 52... Na5 $2 (52... Qa4 $19 {and Black stays clearly on top.} 53. Qb2 Nb4 54. Rb7+ (54. Qxb4 $2 Qxb4 55. cxb4 Rh8 $19) 54... Ka8 55. Rxb6 a1=Q 56. Rxb4 Qa7) 53. Nfe8 $2 (53. Qg5 $17 {nothing else works.} a1=Q 54. Nxd5) 53... Nc8 {[%emt 0:01:01] ...Qb1 would be deadly.} 54. Nc7 Nxd6 55. Na6+ Ka8 56. exd6 (56. Nc7+ Ka7 57. exd6 (57. Nxe6+ $2 Ndb7 $19)) 56... Nb7 $4 ({Not} 56... Rxd6 57. Nc7+ Kb8 58. Qf4 $14) (56... Qb1 $19 57. Nc7+ Kb7 58. Nxe6+ Kb8 59. Qxb1+ axb1=Q 60. Nxd8 Qe4+ 61. Kf1 Qh1+ 62. Ke2 Qh5+ 63. Kf1 Qh8) 57. Nc5 $18 Nxc5 58. dxc5 {[%emt 0:00:01][%cal Bd4c5,Bc5c6,Bc6c7][%mdl 4128] Endgame White threatens c6 and mate. KQR-KQR} Qa4 {[%emt 0:00:35] [#] Inhibits c6.} 59. c6 $1 {[%emt 0:00:47][%mdl 512] White mates.} a1=Q (59... Rxd6 60. Qh6) 60. c7 Rc8 61. d7 Kb7 62. dxc8=Q+ Kxc8 63. Rg8+ Kxc7 64. Qf4+ Kb7 65. Rb8+ Kc6 66. Rc8+ {[%emt 0:00:05] What a fight! A superb game by Galburd.   Weighted Error Value: White=0.40/Black=0.49} 1-0

[Event "Israeli Team-ch 2023"]
[Site "Petah Tikva"]
[Date "2023.01.13"]
[Round "2.36"]
[White "Aharonovich, Itamar"]
[Black "Katkov, Michelle"]
[Result "1-0"]
[ECO "E15"]
[WhiteElo "2327"]
[BlackElo "2220"]
[Annotator "TA"]
[PlyCount "111"]
[EventDate "2023.01.13"]
[EventCountry "ISR"]
[SourceTitle "playchess.com"]
[Source "ChessBase"]
[SourceQuality "1"]
[TimeControl "40/5400+30:1800+30"]

1. d4 Nf6 2. c4 e6 3. Nf3 b6 4. g3 Bb4+ 5. Bd2 a5 6. Bg2 O-O 7. O-O Ba6 8. Ne5 Ra7 9. Qc2 {[%emt 0:00:58] E15: Queen's Indian: 4 g3 sidelines, 4 g3 Ba6 and 4 g3 Bb7 early deviations.} (9. Bxb4 $5 axb4 10. Qa4 $14 (10. Nd2 d6 $14)) 9... c5 10. dxc5 Bxc5 {[%emt 0:01:16] [#]} 11. Rd1 $146 {[%emt 0:10:59] The position is equal.} ({Predecessor:} 11. Nd3 Be7 12. Bg5 Nc6 13. Nd2 d5 14. Bxf6 Bxf6 15. cxd5 Nd4 16. Qd1 exd5 17. Nf3 {½-½ Orlinkov,M (2388)-Kovalevskaya,E (2460) Moscow Aeroflot op-B 2006 (2)}) 11... d6 12. Nd3 Qc7 13. Nxc5 (13. b3 {is more complex.} Bb7 14. Nc3 Bxg2 15. Kxg2 Bd4 16. Nb2) 13... Qxc5 14. Be3 Qxc4 15. Qxc4 Bxc4 16. Rxd6 Rd7 17. Rxd7 Nbxd7 18. Nc3 Rc8 19. Rd1 Kf8 20. h3 b5 (20... Ke7 $14) 21. Rc1 $1 $16 {[%emt 0:01:15][%cal Oc3b5] White is more active. Black is on the road to losing.} b4 {[%emt 0:05:34] [#]} (21... Bd5 $16 {might work better.}) 22. Nb5 $1 $18 {[%emt 0:01:32][%mdl 512] Nd6 is the strong threat.} Rb8 23. Rxc4 Rxb5 24. Rc8+ Ke7 25. Bc6 {[%emt 0:03:28] Repels Nd5} Re5 26. Kf1 Nd5 27. Bd4 {[%emt 0:01:19] A strong pair of Bishops.} Rh5 28. Ra8 {[%emt 0:08:38] Ra7 would be deadly.} (28. Bxg7 N5b6 29. Rh8 f6 $16) 28... Kd6 29. Bxd7 Kxd7 {[%emt 0:00:22][%mdl 4096] Endgame KRB-KRN} 30. Ra7+ (30. Rxa5 $2 Ne3+ 31. fxe3 Rxa5 32. Bxg7 Rg5 $19) (30. Bxg7 Nc7 31. Ra7 Kc6) 30... Kc6 31. Rxf7 (31. Rxa5 $2 {loses.} Ne3+ 32. Bxe3 Rxa5 $19) (31. Bxg7 $6 Nc7 32. Bd4 b3) 31... e5 32. g4 Rg5 {[%emt 0:00:35] [#]} 33. Ba7 h5 34. f3 hxg4 35. hxg4 ({Much less strong is} 35. fxg4 $6 a4 36. Kf2 Nf4 $18) 35... a4 36. e4 Nf6 (36... Nb6 37. Re7 Nc4 38. Re6+ Kd7) 37. Be3 Rg6 38. Ra7 Kb5 39. Rb7+ Kc4 40. Ke2 Ne8 41. Bd2 b3 (41... Ra6 $142 42. Rxb4+ Kc5) 42. Rb4+ Kc5 43. Rxa4 ({Not} 43. axb3 axb3 44. Rxb3 Re6 $18) 43... bxa2 44. Rxa2 Nc7 45. Bc3 Re6 46. Ra7 Kb6 47. Ra1 {[%emt 0:00:00] Hoping for Ba5+.} Nb5 48. Rd1 Nxc3+ (48... Nc7 49. Be1 g6) 49. bxc3 {[%emt 0:00:00][%cal Bb2c3,Bc3c4][%mdl 32] KR-KR. White is clearly winning.} Kc5 (49... Kc7 $142 50. Rd5 Re7) 50. Rd8 Kc4 51. Rc8+ Kb3 52. c4 Kc3 53. Ke3 Re7 54. g5 Re6 55. Rc7 g6 56. Rf7 {[%emt 0:00:00] Weighted Error Value: White=0.20 (precise) /Black=0.30} 1-0

[Event "Israeli Team-ch 2023"]
[Site "Petah Tikva"]
[Date "2023.01.20"]
[Round "3.1"]
[White "Volokitin, Andrei"]
[Black "Yaniv, Yuval"]
[Result "1-0"]
[ECO "B56"]
[WhiteElo "2666"]
[BlackElo "2366"]
[Annotator "TA"]
[PlyCount "65"]
[EventDate "2023.01.13"]
[EventCountry "ISR"]
[SourceTitle "playchess.com"]
[Source "ChessBase"]
[SourceQuality "1"]
[TimeControl "40/5400+30:1800+30"]

1. e4 c5 2. Nf3 d6 3. d4 cxd4 4. Nxd4 Nf6 5. Nc3 Bd7 6. Bg5 e6 7. Ndb5 {[%emt 0:02:42] B56: Classical Sicilian: Unusual Lines.} Bc6 {[%emt 0:01:25] 7...Bxb5 is the fancy move.} 8. Bxf6 gxf6 9. Qh5 {[%emt 0:00:14] Hoping for Bc4. White is slightly better.} a6 $1 {[%emt 0:00:22] aiming for ...Qb6.} 10. Nd4 Bd7 {[%emt 0:00:13] [#]} 11. Be2 $146 ({Predecessor:} 11. O-O-O b5 12. f4 b4 13. Nce2 Qb6 14. e5 dxe5 15. fxe5 Qa5 16. Kb1 Qxe5 17. Qf3 {1-0 Vocaturo,D (2620)-Kriebel,T (2520) EU-ch 19th Batumi 2018 (10)}) 11... Nc6 12. Nb3 b5 13. a3 Qb6 14. O-O Nd4 ({Black should play} 14... Ne5 $14) 15. Nxd4 Qxd4 16. Kh1 Qc5 17. Qh3 Rc8 18. f4 a5 19. f5 {[%emt 0:05:31] White is more active.} b4 {[%emt 0:06:56] [#]} (19... Qe5 $16) 20. axb4 $1 $18 {[%emt 0:00:09] Black is weak on the light squares} axb4 21. fxe6 $2 (21. Bh5 $18 Ke7 22. fxe6 Bxe6 23. Nd5+ Qxd5 24. exd5 Bxh3 25. gxh3) 21... Bxe6 $11 22. Na4 Bxh3 23. Nxc5 Rxc5 24. gxh3 Bg7 25. Ra8+ Kd7 26. Ra7+ Rc7 $1 27. Bg4+ Kd8 28. Rfa1 f5 {[%emt 0:02:18][%mdl 64] Discovered Attack} 29. exf5 Bxb2 $2 {[%emt 0:02:58][%mdl 8192] [#]} (29... h5 $14 30. Rxc7 Kxc7) 30. Ra8+ $1 $18 Rc8 {[%emt 0:04:39] [#]} 31. f6 $1 {[%emt 0:00:14][%csl Gg4][%cal Ra8c8][%mdl 512] White is clearly winning.} Kc7 32. R1a7+ {[%emt 0:00:36][%mdl 64] Skewer} ({Stronger than} 32. Bxc8 Bxa1 $15) 32... Kb6 33. Ra6+ {[%emt 0:00:13] Weighted Error Value: White=0.15 (very precise) /Black=0.46} ({Weaker is} 33. Rxc8 Rxc8 34. Rxf7 Rxc2 $15) 1-0

[Event "Israeli Team-ch 2023"]
[Site "Petah Tikva"]
[Date "2023.01.20"]
[Round "3.2"]
[White "Abergel, Thal"]
[Black "Smirin, Ilia"]
[Result "0-1"]
[ECO "B22"]
[WhiteElo "2392"]
[BlackElo "2596"]
[Annotator "TA"]
[PlyCount "100"]
[EventDate "2023.01.13"]
[EventCountry "ISR"]
[SourceTitle "playchess.com"]
[Source "ChessBase"]
[SourceQuality "1"]
[TimeControl "40/5400+30:1800+30"]

1. e4 c5 2. Be2 Nc6 3. d3 g6 4. f4 Bg7 5. c3 d6 6. Nf3 Nf6 7. O-O {[%emt 0:05:06] [#] B22: Sicilian: 2 c3.} c4 $1 8. Kh1 (8. Na3 cxd3) 8... O-O 9. Na3 {[%emt 0:02:30] The position is equal. 9.Na3 has become a bit dusty these days.} cxd3 10. Bxd3 b6 11. Qe1 {[%emt 0:01:43] [#]} e5 $146 (11... Bb7 $11) ({Predecessor:} 11... Bb7 12. Qh4 e6 13. Be3 Nd7 14. Qh3 Qe7 15. Rae1 Nc5 16. Bc2 Ba6 17. Rf2 Nd3 18. Bxd3 Bxd3 {½-½ Buchenau,F (2247)-Bracker,F (2381) BL2-Nord 1314 2013 (9.1)}) 12. fxe5 ({White should try} 12. f5 $1 $16) 12... Nxe5 $11 13. Nxe5 dxe5 14. Bg5 (14. Bc2 $11) 14... Qxd3 $17 15. Bxf6 Bb7 $1 16. Bxg7 Kxg7 17. Rd1 Qxe4 {[%emt 0:00:26] Black is more active.} 18. Qxe4 Bxe4 19. Nc4 f6 20. Rd7+ Kg8 $1 21. Nd6 Bd3 22. Rd1 e4 23. Kg1 f5 (23... Rad8 $2 24. Rxd8 Rxd8 25. Nxe4 $18) 24. Kf2 Rad8 25. Rxd8 Rxd8 $19 {[%emt 0:00:04][%mdl 4096] Endgame KRB-KRN} 26. Nb5 Kg7 27. Nd4 (27. h4 {might work better.}) 27... Kf6 28. Ke3 g5 {[%emt 0:04:18] Threatens to win with ...f4+.} 29. g3 Rd6 {[%emt 0:02:50] Prevents Nc6.} 30. Nb5 Rd7 ({Stronger than} 30... Bxb5 31. Rxd6+ Ke5 32. Rd8 $11) 31. Nd4 Rf7 32. Rd2 Bc4 33. Rf2 Be6 ({Inferior is} 33... Bxa2 34. Rxf5+ Kg6 35. Rxf7 Bxf7 36. Kxe4 $14) 34. b3 (34. h4 $142 h6 35. b3) 34... Ke5 {[%emt 0:02:07] aiming for ...f4+.} 35. Nc6+ {[%emt 0:00:20] [#]} Kd6 $1 36. Nd4 Bd7 37. h4 gxh4 38. g4 {[%emt 0:00:07][%cal Rg4f5] [#]} f4+ 39. Kxe4 Bxg4 40. Rxf4 Re7+ 41. Kd3 h5 42. Rf6+ Ke5 43. Rf1 Rc7 {[%emt 0:00:00] Inhibits Nc6+.} 44. a4 h3 45. b4 Rg7 46. b5 (46. Nc6+ $142 Kd5 47. Nd4) 46... Bd7 {[%emt 0:00:00] And now ...Rg3+ would win. Black is clearly winning.} 47. Re1+ Kd6 48. Rd1 Rg2 49. Ke3 Bg4 50. Rf1 h2 {[%emt 0:00:00] Weighted Error Value: White=0.32/Black=0.06 (flawless)} 0-1

[Event "Israeli Team-ch 2023"]
[Site "Petah Tikva"]
[Date "2023.01.20"]
[Round "3.3"]
[White "Sutovsky, Emil"]
[Black "Tifferet, Shaked"]
[Result "1-0"]
[ECO "C84"]
[WhiteElo "2615"]
[BlackElo "2226"]
[Annotator "TA"]
[PlyCount "99"]
[EventDate "2023.01.13"]
[EventCountry "ISR"]
[SourceTitle "playchess.com"]
[Source "ChessBase"]
[SourceQuality "1"]
[TimeControl "40/5400+30:1800+30"]

1. e4 e5 2. Nf3 Nc6 3. Bb5 a6 4. Ba4 Nf6 5. O-O Be7 6. d3 b5 7. Bb3 d6 8. a4 Bd7 9. Be3 {[%emt 0:01:08] C84: Closed Ruy Lopez: Unusual White 6th moves.} O-O 10. Nc3 $5 {[%emt 0:01:03][%mdl 4] 10.axb5 is setting a new trend. A promising side line.} Na5 11. Ba2 {[%emt 0:00:07] The position is equal.} b4 12. Nd5 Nxd5 13. Bxd5 c6 14. Ba2 {[%emt 0:00:03] [#]} Rb8 $146 ({Predecessor:} 14... c5 15. Nd2 Bg5 16. Bd5 Rc8 17. Qh5 Bxe3 18. fxe3 Be6 19. b3 Nc6 20. Nc4 Bxd5 21. exd5 {½-½ Hracek,Z (2565)-Postny,E (2564) CRO-chT1A 29th 2021 (2.1)}) 15. Nd2 Be6 16. Bxe6 fxe6 17. Qg4 Rf6 18. f4 exf4 19. Rxf4 Rg6 20. Qe2 c5 {[%emt 0:05:38] [#]} 21. e5 $1 d5 (21... dxe5 22. Rf2) 22. Raf1 d4 23. Bf2 Bg5 (23... Qd5 24. Bg3) 24. Rf3 Bxd2 $1 25. Qxd2 Qg5 ({Black should try} 25... Nc6 $14) 26. Qxg5 $16 Rxg5 27. Bh4 Rf5 28. Rxf5 exf5 29. Rxf5 {[%emt 0:00:30][%mdl 4096] Endgame aiming for e6. KRB-KRN} Re8 {[%emt 0:00:36] [#] This costs Black the game.} (29... c4 $16) 30. e6 $1 $18 Rxe6 31. Rxc5 Nc6 32. Bf2 b3 33. cxb3 Nb4 34. Rc8+ ({And not} 34. Bxd4 Re1+ 35. Kf2 Nxd3+ 36. Kf3 Nxc5 37. Bxc5 Kf7 $15) 34... Kf7 35. Rc7+ ({Much less strong is} 35. Bxd4 $6 Nxd3 36. g3 g5 $18) 35... Kg6 36. Bxd4 Nxd3 37. Rxg7+ (37. Bxg7 $2 Re1#) 37... Kh6 38. Rf7 Re2 (38... Kg6 $142) 39. h3 Kg6 40. Rf3 Rd2 41. Rf6+ Kg5 42. Be3+ Kxf6 43. Bxd2 {[%emt 0:00:00] KB-KN} Nc5 44. Kf2 Nxb3 45. Bb4 a5 46. Bc3+ Ke6 47. g4 Nc5 48. Ke3 Kd5 49. h4 Nxa4 50. Bd4 {[%emt 0:00:00] Weighted Error Value: White=0.04 (flawless) /Black=0.21 (precise)} ({Not} 50. Bxa5 Nxb2 51. Kf4 Nc4 $18) 1-0

[Event "Israeli Team-ch 2023"]
[Site "Petah Tikva"]
[Date "2023.01.20"]
[Round "3.4"]
[White "Poleg, Dan"]
[Black "Golod, Vitali"]
[Result "1/2-1/2"]
[ECO "D83"]
[WhiteElo "2193"]
[BlackElo "2501"]
[Annotator "TA"]
[PlyCount "30"]
[EventDate "2023.01.13"]
[EventCountry "ISR"]
[SourceTitle "playchess.com"]
[Source "ChessBase"]
[SourceQuality "1"]
[TimeControl "40/5400+30:1800+30"]

1. d4 Nf6 2. c4 g6 3. Nc3 d5 4. Bf4 Bg7 5. e3 O-O 6. Qb3 (6. Rc1 $5 ) 6... e6 {[%emt 0:09:53][%cal Oc7c5] D83: Grünfeld: 4 Bf4 Bg7 5 e3 0-0.} 7. Nf3 b6 8. cxd5 exd5 {[%emt 0:02:24] White is slightly better.} 9. Rc1 c6 {[%emt 0:05:43] Prevents Nb5} 10. Be2 Bb7 11. Ne5 Nbd7 12. O-O Nxe5 13. Bxe5 Re8 14. Rfd1 {[%emt 0:02:17] [#]} Re7 $146 ({Predecessor:} 14... Bh6 15. Bf3 Nd7 16. Bg3 Nf8 17. Qa4 Ne6 18. b4 b5 19. Qb3 Qe7 20. a4 a6 {0-1 Inkiov,V (2502)-Petrosian,T (2537) Lausanne op 2004 (4)}) 15. Bf3 Ne8 {[%emt 0:02:09] Weighted Error Value: White=0.03 (flawless) /Black=0.05 (flawless)} 1/2-1/2

[Event "Israeli Team-ch 2023"]
[Site "Petah Tikva"]
[Date "2023.01.20"]
[Round "3.5"]
[White "Alekseev, Evgeny"]
[Black "Steiner-Prozhanski, Giora"]
[Result "1/2-1/2"]
[ECO "B47"]
[WhiteElo "2575"]
[BlackElo "2254"]
[Annotator "TA"]
[PlyCount "75"]
[EventDate "2023.01.13"]
[EventCountry "ISR"]
[SourceTitle "playchess.com"]
[Source "ChessBase"]
[SourceQuality "1"]
[TimeControl "40/5400+30:1800+30"]

1. e4 c5 2. Nf3 e6 3. d4 cxd4 4. Nxd4 Nc6 5. Nc3 Qc7 6. g4 {[%emt 1:27:30] B47: Sicilian: Taimanov: 5 Nc3 Qc7 6 f4, 6 g3 and 6 Be2.} a6 7. Be3 $1 {[%emt 0:00:00] 7.Be3 scores better than 7.h4.} b5 8. Nxc6 Qxc6 9. Qd2 Bb7 (9... b4 $15 10. Ne2 Qxe4) 10. O-O-O $11 Nf6 {[%emt 0:16:34][%csl LRe4,LRg4] aiming for ...b4.} 11. f3 $1 b4 12. Ne2 {[%emt 0:00:00] White wants to play g5.} d5 13. e5 Nd7 14. f4 {[%emt 0:00:00] [#]} Bc5 $146 (14... d4 $5 15. Nxd4 Qxh1 $11) ({Predecessor:} 14... Nc5 15. Bg2 b3 16. Kb1 bxa2+ 17. Ka1 a5 18. Nd4 Qb6 19. f5 Rb8 20. Nf3 Ba6 {½-½ Brkic,A (2621)-Horvath,A (2501) CRO-chT1B 29th 2021 (7.51)}) 15. Bxc5 Qxc5 16. Nd4 O-O 17. Qe3 a5 18. f5 Ba6 {[%emt 0:00:49] Prevents Bb5} 19. Qg5 (19. fxe6 $11 fxe6 20. Bh3) 19... Rfe8 (19... Rfc8 $1 $15) 20. f6 Qf8 21. Re1 (21. Nc6 $11) 21... Kh8 ({Black should play} 21... Rec8 $15) 22. Qh4 (22. Nc6 $1 $14) 22... gxf6 (22... a4 $1 $15 23. g5 g6) 23. exf6 Qc5 (23... Bxf1 $15 24. Rhxf1 Rec8) 24. g5 $36 {[%emt 0:00:00][%cal Og5g6][%mdl 2048] Black is under pressure.} Bxf1 $2 (24... Rg8 $1 $11) 25. g6 $18 fxg6 26. Rhxf1 e5 (26... Rac8 $142 27. Rf3 (27. Rxe6 $2 Rxe6 28. Qh3 {[%mdl 64] Pin} Rxf6 $19) 27... Rf8 28. Rxe6 (28. Nxe6 $2 Qxc2#) 28... Rf7) 27. f7 $1 (27. Qh6 Qf8 28. Qh3 Nxf6 $11) 27... Re7 {[%emt 0:03:37] [#]} (27... Qxd4 $2 28. fxe8=Q+ Rxe8 29. Qxd4 exd4 30. Rxe8+ $18) (27... Rec8 $2 28. Rxe5 Rf8 29. Ne6 $18) 28. Nc6 $1 {[%emt 0:00:25][%mdl 576] Deflection, Promotion} Re6 29. Nd8 Rc8 30. Re2 (30. Nxe6 $2 Qxc2#) 30... Rb6 {[%emt 0:00:03] [#] Hoping for ...Nf8.} 31. f8=Q+ $2 Nxf8 $11 32. Nf7+ Kg8 33. Nxe5 Re6 {[%emt 0:02:18][%cal Oe6e5] ...Rxe5! would be deadly.} 34. Ng4 {[%emt 0:00:05] [#]} Nd7 $1 $17 35. Nh6+ Kh8 36. Nf7+ (36. Rxe6 $2 Qxc2#) 36... Kg8 37. Nh6+ ({Don't play} 37. Ng5 Re7 38. Rff2 Rf8 39. Rxf8+ Nxf8 $15) 37... Kh8 (37... Kg7 $17 38. Qg4 Rf8 39. Rxf8 (39. Rf7+ $2 Rxf7 40. Qxe6 Rf1+ 41. Re1 Rxe1+ 42. Qxe1 Kxh6 $19) 39... Nxf8 40. Nf5+ Kf6) 38. Nf7+ {[%emt 0:00:41] Black defended with fortune. A brilliant game!   Weighted Error Value: White=0.23 (precise) /Black=0.40} (38. Rxe6 $2 Qxc2#) 1/2-1/2

[Event "Israeli Team-ch 2023"]
[Site "Petah Tikva"]
[Date "2023.01.20"]
[Round "3.6"]
[White "Lurie, Michael"]
[Black "Kogan, Arthur"]
[Result "0-1"]
[ECO "A06"]
[WhiteElo "2295"]
[BlackElo "2471"]
[Annotator "TA"]
[PlyCount "52"]
[EventDate "2023.01.13"]
[EventCountry "ISR"]
[SourceTitle "playchess.com"]
[Source "ChessBase"]
[SourceQuality "1"]
[TimeControl "40/5400+30:1800+30"]

1. Nf3 d5 2. b3 Bf5 3. Bb2 e6 4. c4 Nf6 5. d3 c5 {[%emt 0:05:23] [#]} 6. Nh4 $146 {[%emt 0:04:14] A06: Réti Opening: 1 Nf3 d5.} ({Predecessor:} 6. Nbd2 Nc6 7. g3 Be7 8. Bg2 O-O 9. O-O Re8 10. Nh4 Bg4 11. h3 Bh5 12. g4 {1-0 Chaplin,P (2046)-Graff,B (1867) Checkmate Covid Rematch blitz 2021}) 6... Bg6 7. Nxg6 hxg6 8. cxd5 {[%emt 0:00:13] The position is equal.} Qxd5 9. Nc3 Qc6 10. e3 Nbd7 11. Rc1 Bd6 12. d4 O-O 13. Nb5 Be7 $1 14. Na3 ({White should play} 14. dxc5 $15 Nxc5 15. Nd4) 14... Rfd8 $17 {[%emt 0:02:54][%cal Oe6e5] Black is more active.} 15. b4 Qe4 ({Much worse is} 15... Qb6 $6 16. Nc4 Qa6 17. bxc5 Nxc5 18. Be2 $11) 16. bxc5 {[%emt 0:03:05] [#]} Nxc5 $1 {[%emt 0:00:58][%mdl 64] Pin} 17. Nc4 Rac8 18. f3 Qh4+ 19. g3 Qg5 (19... Qh6 $5 20. Kf2 b5 $15) 20. Kf2 b5 21. Ne5 Nd5 22. Qe2 {[%emt 0:01:30] Strongly threatening h4.} Na4 {[%emt 0:02:00] ...Nxb2 is the strong threat. Excellent horsemanship.} 23. f4 Qh5 $36 {[%emt 0:02:18][%mdl 2048] White must now prevent ...Qxe2+. White is under pressure.} 24. Qxb5 {[%emt 0:02:56][%mdl 8192] [#]} (24. Nc6 $1 $11 {and White has nothing to worry.} Qxe2+ 25. Bxe2 Nxb2 26. Bxb5) 24... Rb8 $1 $19 {[%emt 0:03:20] Black is clearly winning.} 25. Qxa4 Rxb2+ 26. Rc2 (26. Kg1 $142 Bb4 27. Qd1 (27. Qxa7 $2 {loses.} Bd2 $19)) 26... Qd1 {[%emt 0:00:56] Weighted Error Value: White=0.36/Black=0.07 (flawless)} 0-1

[Event "Israeli Team-ch 2023"]
[Site "Petah Tikva"]
[Date "2023.01.20"]
[Round "3.7"]
[White "Mikhalevski, Victor"]
[Black "Parkhov, Yair"]
[Result "1/2-1/2"]
[ECO "E94"]
[WhiteElo "2516"]
[BlackElo "2467"]
[Annotator "TA"]
[PlyCount "40"]
[EventDate "2023.01.13"]
[EventCountry "ISR"]
[SourceTitle "playchess.com"]
[Source "ChessBase"]
[SourceQuality "1"]
[TimeControl "40/5400+30:1800+30"]

1. Nf3 g6 2. d4 Bg7 3. e4 d6 4. c4 Nf6 5. Nc3 O-O 6. Be2 e5 7. O-O Bg4 8. d5 a5 9. Be3 {[%emt 0:08:52] E94: King's Indian: Classical: 6 Be2 e5 7 0-0: Various Black 7th moves.} Bxf3 10. Bxf3 Na6 11. a3 {[%emt 0:03:39] White is better.} Nc5 {[%emt 0:12:33] [#]} 12. Rb1 $146 ({Predecessor:} 12. b4 axb4 13. axb4 Rxa1 14. Qxa1 Nb3 15. Qa7 Nd4 16. Qxb7 Nxf3+ 17. gxf3 Nh5 18. c5 f5 19. cxd6 cxd6 {1-0 Gajwa,A (2245)-Mohota,N (2195) Titled Tuesday intern op 29th Sept blitz 2020 (3)}) 12... a4 13. Bxc5 dxc5 14. Nxa4 b6 15. Qc2 Qe7 16. b4 Nd7 17. Qb3 Rfd8 18. Rfd1 Bf8 {[%emt 0:01:45] [#] Black is weak on the light squares} 19. d6 {[%emt 0:00:00] White is more active.} cxd6 $11 20. Rd3 b5 {[%emt 0:10:02] Weighted Error Value: White=0.16 (very precise) /Black=0.09 (flawless)} 1/2-1/2